 Dungeon Crawl Stone Soup version 0.27.1-33-g824d729ab1 (webtiles) character file.

Game seed: 16521534350848159289

6 SensoryNuts the Ruffian (level 1, 0/19 HPs)
             Began as an Ogre Transmuter on Dec 6, 2021.
             Slain by a kobold (2 damage)
             ... on level 1 of the Dungeon.
             The game lasted 00:00:23 (432 turns).

SensoryNuts the Ruffian (Ogre Transmuter)            Turns: 432, Time: 00:00:24

Health: 0/19       AC:  3    Str: 13    XL:     1   Next: 90%
Magic:  3/3        EV:  9    Int: 14    God:
Gold:   18         SH:  0    Dex:  9    Spells: 3/4 levels left

rFire    . . .     SeeInvis .     - Unarmed
rCold    . . .     Faith    .   (no shield)
rNeg     . . .     Spirit   .   a - +0 robe
rPois    .         Reflect  .   (helmet restricted)
rElec    .         Harm     .   (no cloak)
rCorr    .         Rampage  .   (gloves unavailable)
Will     .....                  (boots unavailable)
Stlth    +.........             (no amulet)
HPRegen  0.06/turn              (no ring)
MPRegen  0.08/turn              (no ring)

@: no status effects
A: large, unfitting armour, tough skin 1
a: no special abilities


You were on level 1 of the Dungeon.
You visited 1 branch of the dungeon, and saw 1 of its levels.

You collected 18 gold pieces.

Inventory:

Armour
 a - a +0 robe (worn)


   Skills:
 + Level 1.3 Fighting
 + Level 1.9 Dodging
 + Level 2.9 Unarmed Combat
 + Level 2.4 Spellcasting
 + Level 1.8 Transmutations


You had 3 spell levels left.
You knew the following spells:

 Your Spells              Type           Power      Damage    Failure   Level
a - Beastly Appendage     Tmut           14%        N/A       11%         1

Your spell library contained the following spells:

 Spells                   Type           Power      Damage    Failure   Level
 Wereblood                Tmut           7%         N/A       16%         2
 Spider Form              Tmut/Pois      2%         N/A       43%         3
 Ice Form                 Ice/Tmut       4%         N/A       83%         4


Dungeon Overview and Level Annotations

Branches:
Dungeon (1/15)

Altars:


Innate Abilities, Weirdness & Mutations

You are too large for most types of armour.
You have tough skin. (AC +1)


Message History

A kobold is nearby!
A kobold is nearby!
You grow a pair of large bovine horns.
Your feet morph into talons.
Your transformation is almost over.
A kobold comes into view. It is wielding a +0 dagger.
The kobold shouts!
The kobold hits you with a +0 dagger.
You closely miss the kobold. Your headbutt misses the kobold.
The kobold hits you with a +0 dagger.
You closely miss the kobold. Your kick misses the kobold.
The kobold closely misses you.
You barely miss the kobold. The kobold barely misses you.
You barely miss the kobold. Your kick misses the kobold.
You hit the kobold but do no damage. Your headbutt misses the kobold.
The kobold hits you but does no damage. x2
You miss the kobold. Your kick misses the kobold.
Your headbutt misses the kobold. The kobold hits you with a +0 dagger.
The kobold hits you but does no damage.
You hit the kobold. Your headbutt misses the kobold.
The kobold is moderately wounded.
The kobold hits you with a +0 dagger. x2
You closely miss the kobold. Your kick misses the kobold.
The kobold is moderately wounded.
The kobold barely misses you. The kobold hits you with a +0 dagger.
You barely miss the kobold. Your headbutt misses the kobold.
The kobold is moderately wounded.
The kobold hits you but does no damage. x2
You miss the kobold.
The kobold is moderately wounded.
Your horns disappear.
Your talons disappear.
The kobold hits you with a +0 dagger. x2
* * * LOW HITPOINT WARNING * * *
You completely miss the kobold.
The kobold is moderately wounded.
The kobold hits you but does no damage. The kobold hits you with a +0 dagger.
* * * LOW HITPOINT WARNING * * *
You hit the kobold.
The kobold is severely wounded.
The kobold closely misses you. The kobold hits you with a +0 dagger.
You die...

#.# ########.###### ##
.........)....#####...
#.######.............
#.# ######.#####.# #.#
#.# ###.#### #†# #.#
#......# #.#
####.###.#..# ..#
#......@....# .##
#.###.KK###.# .# #
#...# # .# #...# .#
....... .# .........
.# ........... .#
.###...###. .#


You could see 2 kobolds.

Vanquished Creatures
  A ball python (D:1)
  An endoplasm (D:1)
  A hobgoblin (D:1)
  2 frilled lizards (D:1)
  A kobold (D:1)
6 creatures vanquished.

Notes
Turn   | Place    | Note
-------+----------+-------------------------------------------
     0 | D:1      | SensoryNuts the Ogre Transmuter began the quest for the
                  | Orb.
     0 | D:1      | Reached XP level 1. HP: 19/19 MP: 3/3
     3 | D:1      | Noticed an electric eel
     4 | D:1      | Noticed an electric eel
   432 | D:1      | Slain by a kobold

Illustrated notes

Levels and vault maps discovered:
D:1:      arrival_aquarium_b, layout_loops_ring,
          shapermc_ecumenical_altar_pompeii, minmay_misc_feat_cross,
          minmay_misc_feat_ornament, minmay_shallow_snake_nest

Action                   || total
-------------------------++-------
Melee: Unarmed           ||    30
       Kick              ||     2
 Cast: Beastly Appendage ||     7
Armor: Robe              ||    13
Dodge: Dodged            ||    11
